AoeStats
← MagicMind

Highland

506531743Analyzed
4v4 RM · 18d ago on Sep 13, 2026· 73m 46s· 8 players
Game mode
Random Map
Map size
Large (8 player)
Population
200
Speed
Normal
Resources
Standard
Victory
Conquest
Starting age
Dark Age
Ending age
Imperial Age
RankedLock teamsTeams togetherTeam positionsShared explorationLock speedFull tech treeHidden civsTurbo modeCheats
Victory
Defeat
🇨🇱 Mongols · Chile
1019
+15
🇦🇷 Koreans · Argentina
944
+18
🇺🇸 Japanese · United States
924
+19
🇲🇽 Portuguese · Mexico
895
+20
🇲🇽 Hindustanis · Mexico
1035
-20
🇨🇾 Byzantines · Cyprus
1034
-20
🇪🇸 Vietnamese · Spain
996
-18
🇨🇳 Turks · China
891
-14
Nick
8:54 Loom
10:39 Feudal Age
12:41 Double-Bit Axe
17:29 Castle Age
17:47 Fletching
21:39 Bodkin Arrow
23:18 Town Watch
24:34 Bow Saw
32:05 Sanctity
33:17 Gold Mining
33:17 Stone Mining
33:13 Horse Collar
33:34 Caravan
36:14 Wheelbarrow
36:22 Gold Shaft Mining
35:49 Heavy Plow
36:58 Medium Warships
41:21 Imperial Age
40:13 Clinker Construction
40:13 Careening
40:44 Hand Cart
40:00 Elite Skirmisher
40:53 Thumb Ring
40:54 Treadmill Crane
41:38 Murder Holes
42:04 Ballistics
41:55 Masonry
43:01 Stone Shaft Mining
43:28 Two-Man Saw
43:06 Guilds
44:41 Heavy Warships
45:11 Fishing Lines
45:55 Heavy Plow
45:57 Bracer
45:59 Scale Mail Armor
46:09 Forging
46:51 Town Patrol
47:23 Coinage
47:53 Dry Dock
47:53 Carvel Hull
48:07 Pikeman
49:03 Chain Mail Armor
49:23 Iron Casting
49:39 Scale Barding Armor
50:04 Plate Mail Armor
49:42 Halberdier
50:26 Squires
50:54 Crossbowman
53:04 Banking
55:14 Architecture
55:37 Chain Barding Armor
62:39 Chemistry
61:45 Siege Engineers
63:29 Conscription
messman2020
5:26 Loom
13:48 Feudal Age
18:47 Castle Age
17:06 Double-Bit Axe
17:03 Horse Collar
18:54 Gold Mining
18:58 Stone Mining
20:07 Bow Saw
22:57 Heavy Plow
24:47 Wheelbarrow
24:15 Arson
25:50 Town Watch
26:14 Scale Mail Armor
28:26 Hand Cart
28:10 Gambesons
31:08 Town Patrol
32:34 Man-at-Arms
33:15 Squires
35:48 Imperial Age
33:41 Long Swordsman
33:42 Pikeman
34:41 Fervor
35:40 Fortified Wall
35:50 Ballistics
35:26 Murder Holes
35:42 Masonry
35:17 Elite Skirmisher
36:02 Thumb Ring
35:50 Fletching
36:00 Padded Archer Armor
36:11 Forging
35:59 Capped Ram
36:20 Two-Handed Swordsman
37:31 Champion
40:06 Onager
41:37 Bodkin Arrow
41:58 Chain Mail Armor
42:18 Iron Casting
42:00 Leather Archer Armor
43:17 Siege Engineers
44:13 Chemistry
43:44 Halberdier
45:44 Treadmill Crane
46:49 Bracer
47:19 Ring Archer Armor
47:20 Plate Mail Armor
47:50 Blast Furnace
50:46 Conscription
49:46 Elite Samurai
53:49 Scale Barding Armor
67:49 Elite Cannon Galleon
71:22 Spies/Treason
Gats
8:22 Loom
11:08 Feudal Age
16:20 Wheelbarrow
15:29 Horse Collar
15:35 Double-Bit Axe
17:13 Bloodlines
18:13 Forging
19:10 Stone Mining
22:29 Castle Age
21:09 Gold Mining
23:33 Bow Saw
26:28 Fervor
27:17 Hand Cart
27:29 Fletching
27:44 Heavy Plow
28:28 Stone Shaft Mining
28:30 Gold Shaft Mining
34:08 Imperial Age
31:27 Town Watch
33:48 Ballistics
33:49 Bodkin Arrow
33:55 Padded Archer Armor
33:59 Husbandry
35:28 Bracer
36:26 Town Patrol
38:07 Chemistry
41:09 Iron Casting
40:39 Elite Steppe Lancer
42:06 Scale Barding Armor
43:02 Blast Furnace
43:26 Chain Barding Armor
42:56 Elite Skirmisher
43:42 Thumb Ring
47:29 Leather Archer Armor
48:32 Light Cavalry
49:25 Hussar
53:48 Cavalier
54:42 Heavy Camel Rider
56:48 Scale Mail Armor
59:47 Capped Ram
59:52 Heavy Scorpion
61:26 Siege Engineers
61:19 Siege Ram
69:22 Caravan
70:38 Conscription
R_FACELESS
JonnyD
4:56 Loom
13:13 Feudal Age
14:51 Double-Bit Axe
20:19 Castle Age
19:29 Fletching
19:34 Stone Mining
20:06 Gold Mining
26:20 Fortified Wall
30:16 Wheelbarrow
32:30 Imperial Age
30:29 Bow Saw
30:44 Ballistics
31:42 Gold Shaft Mining
33:00 Murder Holes
33:40 Hand Cart
34:48 Two-Man Saw
35:00 Conscription
34:39 Bodkin Arrow
36:49 Chemistry
37:07 Bracer
41:30 Stone Shaft Mining
40:59 Caravan
41:31 Bombard Tower
41:36 Husbandry
40:58 Cavalier
41:00 Light Cavalry
42:52 Logistica
42:44 Greek Fire
42:15 Hussar
44:54 Scale Barding Armor
45:01 Forging
45:09 Paladin
53:46 Iron Casting
53:12 Scale Mail Armor
53:12 Padded Archer Armor
53:33 Chain Barding Armor
52:49 Elite Skirmisher
54:17 Imperial Skirmisher
57:08 Leather Archer Armor
57:09 Chain Mail Armor
57:31 Plate Barding Armor
63:06 Heavy Camel Rider
68:30 Crossbowman
69:16 Thumb Ring
69:44 Plate Mail Armor
69:45 Ring Archer Armor
69:13 Elite Cataphract
MagicMind
0:31 Loom
14:26 Feudal Age
15:57 Wheelbarrow
16:03 Double-Bit Axe
20:14 Castle Age
19:00 Gold Mining
19:04 Stone Mining
18:58 Horse Collar
20:29 Fletching
22:22 Town Watch
25:46 Bow Saw
25:45 Heavy Plow
26:18 Padded Archer Armor
26:30 Forging
26:47 Pikeman
29:10 Thumb Ring
29:38 Squires
31:25 Leather Archer Armor
31:12 Scale Mail Armor
32:34 Hand Cart
33:20 Iron Casting
34:41 Stone Shaft Mining
37:18 Imperial Age
35:49 Bodkin Arrow
36:18 Town Patrol
36:15 Elite Skirmisher
37:27 Chain Mail Armor
38:01 Bracer
37:24 Imperial Skirmisher
39:12 Ring Archer Armor
39:30 Ballistics
38:51 Halberdier
39:43 Arson
42:46 Scale Barding Armor
43:12 Plate Mail Armor
42:21 Crossbowman
43:14 Fortified Wall
43:32 Elite Rattan Archer
45:29 Chemistry
45:30 Chain Barding Armor
45:26 Siege Engineers
46:43 Crop Rotation
46:51 Bloodlines
47:01 Light Cavalry
47:44 Husbandry
49:29 Plate Barding Armor
55:33 Chatras
55:08 Elite Battle Elephant
59:54 Bombard Tower
61:34 Murder Holes
61:37 Treadmill Crane
Cherish Y
8:45 Loom
10:49 Feudal Age
19:25 Castle Age
22:02 Town Watch
27:50 Double-Bit Axe
30:38 Wheelbarrow
33:51 Imperial Age
31:36 Stone Mining
31:38 Gold Mining
32:45 Town Patrol
33:44 Gold Shaft Mining
33:59 Hand Cart
34:20 Treadmill Crane
34:34 Fletching
35:48 Bombard Tower
36:27 Conscription
37:11 Ballistics
36:52 Murder Holes
37:17 Artillery
40:19 Bow Saw
39:59 Elite Janissary
42:15 Bodkin Arrow
42:46 Masonry
46:44 Bracer
47:18 Architecture
Maverick
Connection lost

Rejoining the realm…

Still unreachable

The connection could not be restored.

Session expired

The server has moved on; the page needs a fresh start.